Construct Section Command Post
Construct Platoon Command Post
6-pounder Anti-tank Gun Team
Construct Field Infirmary
Selects Indian Artillery Battlegroup
Selects Gurkha Rifles Section
Unlock M3 Stuart Light Tanks
6-pounder Anti-tank Gun Team
Selects Volunteer Infantry
Selects Artillery Saturation
Selects Off-map Airburst Barrage
Construct Company Command Post
6-pounder Anti-tank Gun Team
6-pounder Anti-tank Gun Team
6-pounder Anti-tank Gun Team
Selects BL5.5 Artillery Emplacement